cohdb
Replays
Latest Replays
All Replays
Popular Replays
Top Player Replays
Match Explorer
How It Works
Community
CoH3 Stats
Reddit
Sign in to upload your games and track your stats! →
Sign in with Steam
Match 44627245
Unlisted
Match 44627245
Overview
Messages
Build Orders
End
Selects Special Operations Battlegroup
Selects M29 Weasel Recon Vehicle
Selects M29 Weasel Recon Vehicle
M29 Weasel Recon Vehicle
Construct Weapon Support Center
Construct Weapon Support Center
M1919 Machine Gun Team
Bazooka Squad
M29 Weasel Recon Vehicle
Bazooka Squad
Selects Smoke Screen
Mechanized Support Center
Smoke Screen
M3 Armored Personnel Carrier
Selects SSF Commando Squad
Selects SSF Commando Squad
SSF Commando Squad
Improved M9 Bazooka Rockets
Engineer Squad
SSF Commando Squad
Selects Mark Vehicle
Selects UNKNOWN (2162291)
SSF Commando Squad
Smoke Screen
Mark Vehicle
Construct Tank Depot
Selects Assault Operation
Selects Air Re-supply Operation
Air Re-Supply Operation
M4A1 Sherman Whizbang
Smoke Screen
AI Takeover
HgH SPIDERPIG
[PD] PragerSchinken
funny mud pee
Rodavlas
Venom snake
RhumsteaK
King Raptor
SHELDONATOR
0
0
Comments
sign in to comment!
No comments posted yet!